[Event "GER-ch Youth U12M 2018"]
[Site "Willingen"]
[Date "2018.05.20"]
[Round "1"]
[White "Bui, Bao Anh Le"]
[Black "Lehmann, Nils"]
[Result "1-0"]
[ECO "C54"]
[WhiteElo "1974"]
[BlackElo "1558"]
[Annotator "NA"]
[PlyCount "121"]
[EventDate "2018.05.19"]
[EventType "swiss"]
[EventCountry "GER"]
[SourceTitle "playchess.com"]
[Source "ChessBase"]
[SourceQuality "1"]
[TimeControl "40/4500+30:900+30"]

1. e4 e5 2. Nf3 Nc6 3. Bc4 Bc5 4. c3 Nf6 5. d3 d6 6. Bb3 a6 7. Nbd2 Ba7 8. h3 O-O 9. Nf1 d5 {[%emt 0:07:45] LiveBook: 194 Games} 10. Qe2 {[%emt 0:00:52] C54: Italienische Partie (Hauptvariante)} h6 11. Ng3 Re8 12. O-O Be6 13. Re1 dxe4 14. dxe4 Bxb3 15. axb3 Qe7 16. Nf5 $14 ({Vorgänger:} 16. Nh4 Qe6 17. b4 Ne7 18. Nhf5 Nxf5 19. Nxf5 Kh7 20. b5 axb5 {0-1 (42) Sebag,M (2488)-Karpov,A (2628) Cap d'Agde 2016}) 16... Qe6 17. N3h4 Kh7 18. Qd3 Ne7 19. Nxe7 Rxe7 20. Nf5 Ree8 21. Qg3 Nh5 22. Qh4 Qg6 23. Rd1 Nf6 24. Rd3 Qh5 25. Qxh5 Nxh5 26. Rd7 Rad8 27. Rxf7 Rd1+ 28. Kh2 Bxf2 29. g4 Bg1+ 30. Kg2 Nf4+ 31. Bxf4 Rxa1 32. Rxg7+ Kh8 33. Bxh6 Bb6 34. Ne7 Rxe7 35. Rxe7 Rb1 36. Bg7+ Kg8 37. Bxe5 Rxb2+ 38. Kg3 Rxb3 39. Rd7 Ba5 40. Rd3 b5 41. Rf3 c5 42. g5 b4 43. cxb4 Rxf3+ 44. Kxf3 cxb4 45. g6 b3 46. h4 Bd2 47. Bb2 a5 48. Ke2 Bb4 49. h5 Bf8 50. Kd3 a4 51. e5 a3 52. Bd4 Bh6 53. e6 Kf8 54. Bc5+ Ke8 55. Bxa3 Bg7 56. Bd6 Kd8 57. Bf4 Ke7 58. h6 Bxh6 59. Bxh6 Kxe6 60. g7 Kf7 61. Kc3 1-0

[Event "GER-ch Youth U12M 2018"]
[Site "Willingen"]
[Date "2018.05.20"]
[Round "1"]
[White "Foerster-Yialamas, Lucas"]
[Black "Wildermuth, Nikolas Karl"]
[Result "1-0"]
[ECO "B28"]
[WhiteElo "1924"]
[BlackElo "1495"]
[Annotator "NA"]
[PlyCount "51"]
[EventDate "2018.05.19"]
[EventType "swiss"]
[EventCountry "GER"]
[SourceTitle "playchess.com"]
[Source "ChessBase"]
[SourceQuality "1"]
[TimeControl "40/4500+30:900+30"]

1. e4 c5 2. Nf3 a6 3. c4 b6 4. Nc3 Bb7 5. d4 cxd4 6. Nxd4 e6 7. Bd3 Qc7 8. O-O Nf6 9. Qe2 Nc6 10. Be3 h5 11. Nxc6 Bxc6 12. Bd4 Be7 13. Bxf6 gxf6 14. f4 Bc5+ 15. Kh1 Ke7 $11 16. Nd5+ Bxd5 17. cxd5 b5 18. Rac1 Qb6 19. e5 d6 20. b4 Bxb4 21. exf6+ Kxf6 22. Qb2+ Ke7 23. Qxb4 Rhc8 24. Rc6 Rxc6 25. dxc6 Qxc6 26. Be4 1-0

[Event "GER-ch Youth U12M 2018"]
[Site "Willingen"]
[Date "2018.05.20"]
[Round "1"]
[White "Farokhi, Keyvan"]
[Black "Amato, Cristiano"]
[Result "1-0"]
[ECO "A22"]
[WhiteElo "1844"]
[BlackElo "1681"]
[Annotator "NA"]
[PlyCount "149"]
[EventDate "2018.05.19"]
[EventType "swiss"]
[EventCountry "GER"]
[SourceTitle "playchess.com"]
[Source "ChessBase"]
[SourceQuality "1"]
[TimeControl "40/4500+30:900+30"]

1. c4 e5 2. Nc3 Bb4 3. g3 Nf6 4. Bg2 Bxc3 5. bxc3 c5 6. d3 Nc6 7. Nf3 b6 (7... O-O $11 {und Schwarz muss sich keine Sorgen machen.}) 8. Nxe5 Qc7 9. Nxc6 dxc6 10. Bf4 Qd7 11. O-O O-O 12. d4 Ba6 13. Qa4 Bb7 14. dxc5 b5 15. Qc2 bxc4 $18 16. Rfd1 Qc8 17. Bd6 Re8 18. e4 Qe6 19. Rab1 Bc8 20. e5 Nd5 21. Bxd5 cxd5 22. Qd2 Qh3 23. Qxd5 Bg4 24. Re1 Be6 25. Qg2 Qxg2+ 26. Kxg2 Bd5+ 27. Kg1 a6 28. Red1 Bc6 29. Rb4 g6 30. Rxc4 Rec8 31. Rb4 Bb5 32. c4 Bc6 33. Rb6 Kg7 34. Rd3 a5 35. f4 a4 36. a3 Kg8 37. Kf2 Kg7 38. Ke3 Ra7 39. g4 Rb7 40. Rxb7 Bxb7 41. g5 Bc6 42. Rd2 h6 43. Be7 hxg5 44. fxg5 Re8 45. Bf6+ Kf8 46. Rd4 Rc8 47. Rd8+ Rxd8 48. Bxd8 Ke8 49. Bb6 Kd7 50. Kf4 Ke6 51. Bc7 Bb7 52. Bd6 Bc6 53. h4 Bb7 54. Kg4 Bc6 55. h5 gxh5+ 56. Kxh5 Bf3+ 57. Kh6 Bc6 58. g6 fxg6 59. Kxg6 Be4+ 60. Kg5 Bc6 61. Kf4 Kf7 62. Ke3 Ke6 63. Kd2 Kd7 64. Kc3 Ke6 65. Kb4 Kd7 66. Ka5 Ke6 67. Kb6 Be4 68. c6 Bf5 69. c7 Kd7 70. Kb7 Be4+ 71. Kb8 Bb7 72. Kxb7 Ke6 73. c8=Q+ Kf7 74. Qf8+ Ke6 75. Qf6+ {[%emt 0:00:00] Kd5} 1-0

[Event "GER-ch Youth U12M 2018"]
[Site "Willingen"]
[Date "2018.05.20"]
[Round "1"]
[White "Metzdorf, Matteo"]
[Black "Chassard, Cedric"]
[Result "1-0"]
[ECO "C11"]
[WhiteElo "1832"]
[BlackElo "1590"]
[Annotator "NA"]
[PlyCount "57"]
[EventDate "2018.05.19"]
[EventType "swiss"]
[EventCountry "GER"]
[SourceTitle "playchess.com"]
[Source "ChessBase"]
[SourceQuality "1"]
[TimeControl "40/4500+30:900+30"]

1. e4 e6 2. d4 d5 3. Nc3 Nf6 4. e5 Nfd7 5. f4 c5 6. Nf3 Nc6 7. Be3 a6 8. Be2 b5 9. O-O Bb7 10. Qd2 Qb6 11. Nd1 cxd4 12. Nxd4 Nxd4 13. Bxd4 Bc5 14. c3 a5 15. Kh1 b4 16. f5 bxc3 17. bxc3 exf5 18. Rxf5 O-O 19. Bg4 Bxd4 20. cxd4 Nb8 21. Ne3 Na6 22. Raf1 Nc7 23. Qf2 Qxd4 24. Rxf7 Qb4 25. e6 Ba6 26. e7 Rfe8 27. Rf8+ Rxf8 28. Qxf8+ Rxf8 29. Rxf8# 1-0

[Event "GER-ch Youth U12M 2018"]
[Site "Willingen"]
[Date "2018.05.20"]
[Round "1"]
[White "May, Ben-Iven"]
[Black "Hommer, Jeremy"]
[Result "0-1"]
[ECO "A13"]
[WhiteElo "1769"]
[BlackElo "1897"]
[Annotator "NA"]
[PlyCount "86"]
[EventDate "2018.05.19"]
[EventType "swiss"]
[EventCountry "GER"]
[SourceTitle "playchess.com"]
[Source "ChessBase"]
[SourceQuality "1"]
[TimeControl "40/4500+30:900+30"]

1. c4 e6 2. g3 f5 3. Bg2 Nf6 4. Nf3 d5 5. b3 c6 6. Ba3 Bxa3 7. Nxa3 O-O 8. O-O Qd6 9. Nc2 Nbd7 10. d4 b6 11. Nce1 Bb7 12. Nd3 Rac8 13. Rc1 c5 14. Nde5 Rfd8 15. Re1 Qe7 16. e3 Nxe5 17. Nxe5 dxc4 18. bxc4 Bxg2 19. Kxg2 Nd7 20. Nf3 e5 21. d5 e4 22. Nh4 Rf8 23. Kh1 Ne5 24. Rc3 Qf6 25. Rc2 Qh6 26. f4 Nd3 27. Rf1 b5 28. Ng2 bxc4 29. Ne1 Qd6 30. Rxc4 Nb2 31. Qc2 Nxc4 32. Qxc4 Rfd8 33. Nc2 Qxd5 34. Na3 Qxc4 35. Nxc4 Kf8 36. Kg2 Ke7 37. Kf2 Ke6 38. Ke2 Rb8 39. a3 Rd3 40. Rc1 Rbb3 41. Nd2 Rxe3+ 42. Kd1 Red3 43. Rxc5 e3 0-1

[Event "GER-ch Youth U12M 2018"]
[Site "Willingen"]
[Date "2018.05.20"]
[Round "1"]
[White "Bakiev, Diyor"]
[Black "Pikalow, Michael"]
[Result "1/2-1/2"]
[ECO "B22"]
[WhiteElo "1752"]
[BlackElo "1540"]
[Annotator "NA"]
[PlyCount "89"]
[EventDate "2018.05.19"]
[EventType "swiss"]
[EventCountry "GER"]
[SourceTitle "playchess.com"]
[Source "ChessBase"]
[SourceQuality "1"]
[TimeControl "40/4500+30:900+30"]

1. e4 c5 2. c3 Nf6 3. e5 Nd5 4. d4 cxd4 5. Nf3 e6 6. cxd4 Nc6 7. Bc4 Nb6 8. Bb5 a6 9. Bxc6 dxc6 10. O-O c5 11. dxc5 Qxd1 12. Rxd1 Bxc5 13. Nc3 O-O 14. Ne4 Be7 15. b3 Bd7 16. Be3 Nd5 17. Bc5 Bc6 18. Nd4 Rac8 19. Nxc6 Rxc6 20. Bxe7 Nxe7 21. g3 Nd5 22. Nd6 Rc7 23. h4 h5 24. Kh1 Rd8 25. Rac1 Rdd7 26. Ne8 Rxc1 27. Rxc1 Nb4 28. Nd6 Nxa2 29. Rc8+ Kh7 30. Rb8 b5 31. Ra8 Nb4 32. Kg2 Kg6 33. Kf3 f6 34. Ke4 fxe5 35. Kxe5 Nd3+ 36. Kxe6 Nc5+ 37. Ke5 Nd3+ 38. Kd5 Nxf2 39. Ke6 Rc7 40. Rxa6 Rc3 41. Nxb5 Rxb3 42. Ke5+ Kh7 43. Nd4 Rxg3 44. Nf5 Rg4 45. Ra3 1/2-1/2

[Event "GER-ch Youth U12M 2018"]
[Site "Willingen"]
[Date "2018.05.20"]
[Round "1"]
[White "Prieb, Robert"]
[Black "Duduka, Artem"]
[Result "0-1"]
[ECO "D91"]
[WhiteElo "1709"]
[BlackElo "1598"]
[Annotator "NA"]
[PlyCount "140"]
[EventDate "2018.05.19"]
[EventType "swiss"]
[EventCountry "GER"]
[SourceTitle "playchess.com"]
[Source "ChessBase"]
[SourceQuality "1"]
[TimeControl "40/4500+30:900+30"]

1. d4 Nf6 2. Nf3 g6 3. c4 d5 4. Nc3 Bg7 5. Bg5 Ne4 6. Bh4 Nxc3 7. bxc3 dxc4 8. Qa4+ c6 9. Qxc4 O-O 10. e4 Qc7 11. Bg3 Qa5 12. Qb4 Qxb4 13. cxb4 Bg4 14. Rd1 Rd8 15. e5 Bxf3 16. gxf3 e6 17. Bh4 Rd7 18. a3 a5 19. b5 a4 20. b6 Bf8 21. Bc4 Bxa3 22. f4 Bb2 23. f5 Rxd4 24. Rxd4 Bxd4 25. fxe6 fxe6 26. Bxe6+ Kf8 27. O-O Bxe5 28. Rd1 a3 29. Rd8+ Kg7 30. Be7 a2 31. Rg8+ Kh6 32. Bf8+ Kh5 33. Bxa2 Rxa2 34. Bg7 Nd7 35. Bxe5 Nxe5 36. Rg7 Kh6 37. Rxb7 Rb2 38. Re7 Nd3 39. b7 Nxf2 40. Re3 Ng4 41. Rc3 Rxb7 42. Rxc6 Rb1+ 43. Kg2 Rb2+ 44. Kg3 Nxh2 45. Rc1 Kh5 46. Rh1 Kg5 47. Rc1 h5 48. Rc5+ Kh6 49. Rc6 Ng4 50. Kh4 Rf2 51. Ra6 Rf6 52. Ra5 Rf5 53. Ra6 Nf6 54. Rb6 g5+ 55. Kg3 h4+ 56. Kh3 Kh5 57. Rb4 Rf3+ 58. Kg2 Rf4 59. Rb5 Kg4 60. Rb3 Ne4 61. Re3 Rf2+ 62. Kg1 Kf4 63. Rh3 Rf3 64. Rh2 Ng3 65. Ra2 g4 66. Ra4+ Ne4 67. Ra8 Kg3 68. Ra2 Nf2 69. Ra1 h3 70. Kf1 h2 0-1

[Event "GER-ch Youth U12M 2018"]
[Site "Willingen"]
[Date "2018.05.20"]
[Round "1"]
[White "Halabi, Ibrahim"]
[Black "Eilenberg, Jonas"]
[Result "0-1"]
[ECO "C02"]
[WhiteElo "1701"]
[BlackElo "1852"]
[Annotator "NA"]
[PlyCount "62"]
[EventDate "2018.05.19"]
[EventType "swiss"]
[EventCountry "GER"]
[SourceTitle "playchess.com"]
[Source "ChessBase"]
[SourceQuality "1"]
[TimeControl "40/4500+30:900+30"]

1. e4 e6 2. d4 d5 3. e5 c5 4. c3 Nc6 5. Nf3 Qb6 6. Be2 f6 7. O-O fxe5 8. dxe5 Nge7 9. Bd3 g6 10. Re1 Bg7 11. Nbd2 O-O 12. Nf1 (12. Qe2 $11 {bleibt in der Remisbreite.}) 12... c4 13. Bc2 Nxe5 14. Nd4 N5c6 15. Nf3 $17 Bd7 16. Rb1 Qc7 17. Ng3 Kh8 18. h4 e5 19. h5 Bg4 20. Qd2 Bxf3 21. gxf3 d4 22. h6 Bf6 23. Ne4 d3 24. Bd1 Nd5 25. b3 b5 26. Ba3 Nf4 27. Bxf8 Rxf8 28. a4 Qd7 29. Nxf6 Rxf6 30. Re4 Qh3 31. Rxf4 Rxf4 0-1

[Event "GER-ch Youth U12M 2018"]
[Site "Willingen"]
[Date "2018.05.20"]
[Round "1"]
[White "Schulemann, Gero"]
[Black "Tham, Nam"]
[Result "0-1"]
[ECO "C42"]
[WhiteElo "1700"]
[BlackElo "1866"]
[Annotator "NA"]
[PlyCount "84"]
[EventDate "2018.05.19"]
[EventType "swiss"]
[EventCountry "GER"]
[SourceTitle "playchess.com"]
[Source "ChessBase"]
[SourceQuality "1"]
[TimeControl "40/4500+30:900+30"]

1. e4 e5 2. Bc4 Nf6 3. Nf3 d5 4. exd5 e4 5. Nd4 Bc5 6. Nb3 Bb6 7. Nc3 O-O 8. O-O Re8 9. h3 Nbd7 10. d3 exd3 11. Bxd3 Ne5 12. Bg5 Nxd3 13. Qxd3 Re5 14. Bxf6 $14 ({Günstiger ist} 14. Bf4 $16 Rf5 15. Be3) 14... Qxf6 15. Rad1 Bf5 16. Qd2 Qg6 17. Kh2 Bxc2 18. Rde1 Rg5 19. f4 Rh5 20. Qe2 Rf8 21. Rf3 Bf5 22. Rg3 Qh6 23. Ne4 Bxe4 24. Qxe4 Bf2 25. Rge3 Rh4 26. Qe7 Bxe1 27. Rxe1 Qxf4+ 28. Kg1 b6 29. Re3 Rh6 30. Re4 Qd6 31. Qg5 Rg6 32. Qf5 Qg3 33. Re2 Rg5 34. Qd7 h6 35. Kf1 Qh2 36. Re8 Qxg2+ 37. Ke1 Re5+ 38. Rxe5 Qg3+ 39. Kd2 Qxe5 40. Qc6 Qxb2+ 41. Kd1 Qxa2 42. Nd4 Qa1+ 0-1

[Event "GER-ch Youth U12M 2018"]
[Site "Willingen"]
[Date "2018.05.20"]
[Round "1"]
[White "Morczynski, Joachim"]
[Black "Schubert, Nikita"]
[Result "0-1"]
[ECO "C54"]
[WhiteElo "1665"]
[BlackElo "1802"]
[Annotator "NA"]
[PlyCount "82"]
[EventDate "2018.05.19"]
[EventType "swiss"]
[EventCountry "GER"]
[SourceTitle "playchess.com"]
[Source "ChessBase"]
[SourceQuality "1"]
[TimeControl "40/4500+30:900+30"]

1. e4 e5 2. Nf3 Nc6 3. Bc4 Bc5 4. c3 Nf6 5. d4 exd4 6. e5 d5 7. Be2 Ne4 8. cxd4 Bb6 9. O-O O-O 10. Nc3 f6 11. exf6 Nxf6 12. Be3 Ne7 13. Nh4 Nf5 14. Nxf5 Bxf5 15. Rc1 c6 16. Bd3 Bxd3 17. Qxd3 Bc7 18. Ne2 Ng4 19. g3 Nxe3 20. fxe3 Qe7 21. Nf4 Bxf4 22. exf4 Rae8 23. Qc3 Qe3+ 24. Qxe3 Rxe3 25. Rcd1 Rfe8 26. Rd2 Kf7 27. Rfd1 Kf6 28. Kf1 Kf5 29. Rd3 Re2 30. R3d2 Rxd2 31. Rxd2 Re3 32. Kf2 Ke4 33. h4 h5 34. b3 g6 35. Kg2 a6 36. b4 Kf5 37. Kh3 Re1 38. Rd3 Re2 39. a4 Rb2 40. b5 axb5 41. axb5 Rxb5 0-1

[Event "GER-ch Youth U12M 2018"]
[Site "Willingen"]
[Date "2018.05.20"]
[Round "1"]
[White "Phan Trong, Dai"]
[Black "Laux, Dominik"]
[Result "0-1"]
[ECO "A21"]
[WhiteElo "1579"]
[BlackElo "1889"]
[Annotator "NA"]
[PlyCount "52"]
[EventDate "2018.05.19"]
[EventType "swiss"]
[EventCountry "GER"]
[SourceTitle "playchess.com"]
[Source "ChessBase"]
[SourceQuality "1"]
[TimeControl "40/4500+30:900+30"]

1. c4 e5 2. Nc3 Bb4 3. e4 Bxc3 4. bxc3 d6 5. g3 c5 6. Bg2 Nc6 7. Ne2 Nge7 8. O-O O-O 9. d3 f5 10. f4 h6 11. Be3 b6 12. Rb1 Qc7 (12... fxe4 $15 13. Bxe4 Bf5) 13. Qd2 Bb7 14. Rbd1 Na5 15. exf5 $15 (15. g4 $5) 15... Bxg2 16. Kxg2 Nxf5 17. Bf2 Qc6+ 18. Kg1 e4 19. g4 e3 20. Bxe3 Nh4 21. Ng3 Nf3+ 22. Rxf3 Qxf3 23. g5 Rae8 24. Ne4 Nxc4 25. dxc4 Qxe4 26. Re1 Rxf4 0-1

[Event "GER-ch Youth U12M 2018"]
[Site "Willingen"]
[Date "2018.05.20"]
[Round "1"]
[White "Niemann, Leon"]
[Black "Wagner, Leopold Franziskus"]
[Result "0-1"]
[ECO "B13"]
[WhiteElo "1563"]
[BlackElo "2234"]
[Annotator "NA"]
[PlyCount "60"]
[EventDate "2018.05.19"]
[EventType "swiss"]
[EventCountry "GER"]
[SourceTitle "playchess.com"]
[Source "ChessBase"]
[SourceQuality "1"]
[TimeControl "40/4500+30:900+30"]

1. e4 c6 2. d4 d5 3. exd5 cxd5 4. Bd3 Nc6 5. c3 Qc7 6. Ne2 Bg4 7. f3 Bd7 {[%emt 0:00:44] LiveBook: 111 Games} 8. Bf4 Qc8 {[%emt 0:01:49] B13: Caro-Kann: Exchange Variation and Panov-Botvinnik Attack} (8... e5 9. dxe5 Nxe5 10. O-O Nf6 11. Nd4 Bd6 12. Na3 O-O 13. Kh1 Bxa3 14. bxa3 Nh5 15. Bxe5 Qxe5 16. Re1 {½-½ (35) Gusain,H (2461)-Warakomski,T (2518) Warsaw 2017}) 9. Ng3 Nf6 10. O-O g6 11. Qc2 Bg7 12. Nd2 O-O $146 ({Predecessor:} 12... h5 13. h4 Bh6 14. Bxh6 Rxh6 15. Rae1 Qc7 16. f4 {0-1 (36) Salazar,C (2216)-Soppe,G (2414) Mendoza 2005}) 13. Nb3 b6 14. Rfe1 Qb7 15. Rad1 Ne8 16. Qb1 Nc7 17. Ne2 Rfe8 18. Bc2 e6 19. Nec1 f6 20. Nd3 e5 21. Bg3 e4 22. fxe4 dxe4 {[%emt 0:01:02] [#]} 23. Nf4 (23. Ndc5 $1 $16 bxc5 24. Nxc5) 23... f5 24. h4 Ne7 25. Bf2 Ned5 26. Nxd5 Nxd5 27. g3 e3 28. c4 $19 exf2+ 29. Kxf2 Nf6 30. Rxe8+ Rxe8 0-1

[Event "GER-ch Youth U12M 2018"]
[Site "Willingen"]
[Date "2018.05.20"]
[Round "2"]
[White "Wagner, Leopold Franziskus"]
[Black "Hecht, Jonas Christian"]
[Result "1/2-1/2"]
[ECO "A07"]
[WhiteElo "2234"]
[BlackElo "1713"]
[Annotator "NA"]
[PlyCount "151"]
[EventDate "2018.05.19"]
[EventType "swiss"]
[EventCountry "GER"]
[SourceTitle "playchess.com"]
[Source "ChessBase"]
[SourceQuality "1"]
[TimeControl "40/4500+30:900+30"]

1. Nf3 d5 2. g3 c6 3. Bg2 Nf6 4. O-O Bg4 5. h3 Bh5 6. c4 {[%emt 0:00:31] A07: Réti Opening: New York and Capablanca Systems} (6. d4 e6 7. c4 Nbd7 8. cxd5 exd5 9. Ne5 Ne4 10. Nd2 Nxd2 11. Bxd2 Nxe5 12. dxe5 Bc5 13. Kh2 O-O {½-½ (32) Svidler,P (2768)-Karjakin,S (2753) Wijk aan Zee 2018}) 6... e6 7. Qc2 Nbd7 8. b3 Bd6 $146 ({Predecessor:} 8... Be7 9. Bb2 O-O 10. Nc3 Nc5 11. d3 a5 12. Rac1 {1-0 (59) Sygulski,A (2445)-Kuczynski,R (2415) Gdynia 1985}) 9. Bb2 O-O 10. d4 Bg6 11. Qd1 h6 12. Nbd2 Bh7 13. Ne5 Qb8 14. f4 Rd8 15. e3 Ne4 16. Nxe4 Bxe4 17. Bxe4 dxe4 18. Qh5 Bxe5 19. fxe5 Rf8 20. Qg4 f5 21. exf6 $1 Nxf6 22. Qxe6+ Kh8 23. Kg2 Qc7 24. Qe5 Qxe5 25. dxe5 Nd7 26. Rad1 Rxf1 27. Rxf1 Nc5 28. Rf7 Kg8 29. e6 Nxe6 30. Re7 Rd8 31. Be5 Rd2+ 32. Kf1 Nc5 33. Rxg7+ Kf8 34. Rg4 Ke7 35. Bd4 Ne6 36. Rxe4 Rxa2 37. g4 Rh2 38. Bxa7 Rxh3 39. Kg2 Rh4 40. Kg3 Rh1 41. c5 Rc1 42. Rb4 Nxc5 43. Bxc5+ Rxc5 44. Rxb7+ Kf6 45. Kf4 h5 46. Rb4 hxg4 47. Kxg4 Ke5 48. Kf3 Rc1 49. Re4+ Kd5 50. Rd4+ Ke5 51. Rc4 Rf1+ 52. Ke2 Rb1 53. b4 Kd5 54. Rd4+ Ke5 55. Kd3 Rb3+ 56. Kd2 Ra3 57. Rc4 Rb3 58. Kc2 Rxe3 59. Rxc6 Kd5 60. Rc8 Rh3 61. Kb2 Kd6 62. Ka2 Kd5 63. Rc2 Kd6 64. Rc1 Rg3 65. b5 Rg5 66. Rb1 Kc7 67. Ka3 Kb6 68. Ka4 Rg4+ 69. Rb4 Rxb4+ 70. Kxb4 Kb7 71. Kc5 Kc7 72. b6+ Kb7 73. Kb5 $11 Kb8 74. Ka6 Ka8 75. b7+ Kb8 76. Kb6 1/2-1/2

[Event "GER-ch Youth U12M 2018"]
[Site "Willingen"]
[Date "2018.05.20"]
[Round "2"]
[White "Hommer, Jeremy"]
[Black "Stepanov, Maximilian"]
[Result "1-0"]
[ECO "B06"]
[WhiteElo "1897"]
[BlackElo "1300"]
[Annotator "NA"]
[PlyCount "35"]
[EventDate "2018.05.19"]
[EventType "swiss"]
[EventCountry "GER"]
[SourceTitle "playchess.com"]
[Source "ChessBase"]
[SourceQuality "1"]
[TimeControl "40/4500+30:900+30"]

1. e4 d6 2. d4 g6 3. Nc3 Bg7 4. Be3 Nf6 5. f3 Nbd7 6. Qd2 e5 7. O-O-O O-O 8. g4 Qe7 9. h4 exd4 10. Bxd4 Ne5 11. h5 Nc6 12. Be3 Nd7 13. hxg6 fxg6 14. Bc4+ Kh8 15. Rxh7+ Kxh7 16. Qh2+ Qh4 17. Qxh4+ Bh6 18. Qxh6# 1-0

[Event "GER-ch Youth U12M 2018"]
[Site "Willingen"]
[Date "2018.05.20"]
[Round "2"]
[White "Laux, Dominik"]
[Black "Gluma, Christian"]
[Result "1-0"]
[ECO "A40"]
[WhiteElo "1889"]
[BlackElo "1601"]
[Annotator "NA"]
[PlyCount "84"]
[EventDate "2018.05.19"]
[EventType "swiss"]
[EventCountry "GER"]
[SourceTitle "playchess.com"]
[Source "ChessBase"]
[SourceQuality "1"]
[TimeControl "40/4500+30:900+30"]

1. d4 e6 2. Bf4 d5 3. e3 Nf6 4. Nd2 Be7 5. Bd3 Nbd7 6. Ngf3 c5 7. c3 Qb6 8. Qc2 a6 9. h3 Nf8 10. Ne5 N6d7 11. Ndf3 Ng6 12. Nxg6 hxg6 13. a4 Nb8 14. Ne5 Nc6 15. a5 Qd8 16. Qa4 Bd7 17. Nxd7 Qxd7 18. O-O c4 19. Bc2 Bd8 20. e4 Nxa5 21. exd5 Qxa4 22. Bxa4+ b5 23. Bd1 O-O 24. dxe6 fxe6 25. Bd6 Re8 26. Bf3 Rc8 27. Rfe1 Bb6 28. Bg4 Kf7 29. d5 Rcd8 30. Bxe6+ Kf6 31. Bb4 Nb3 32. Rxa6 Rb8 33. Bd6 Rb7 34. Bc7 Rxc7 35. Rxb6 Kg5 36. d6 Ra7 37. Rxb5+ Kf6 38. Rbe5 Nc5 39. Rxc5 Rxe6 40. Rxe6+ Kxe6 41. Rxc4 Kxd6 42. Rg4 Ra1+ 1-0

[Event "GER-ch Youth U12M 2018"]
[Site "Willingen"]
[Date "2018.05.20"]
[Round "2"]
[White "Tham, Nam"]
[Black "Kort, Felix"]
[Result "1-0"]
[ECO "C54"]
[WhiteElo "1866"]
[BlackElo "1672"]
[Annotator "NA"]
[PlyCount "63"]
[EventDate "2018.05.19"]
[EventType "swiss"]
[EventCountry "GER"]
[SourceTitle "playchess.com"]
[Source "ChessBase"]
[SourceQuality "1"]
[TimeControl "40/4500+30:900+30"]

1. e4 e5 2. Nf3 Nc6 3. Bc4 Bc5 4. c3 Nf6 5. d3 a6 6. Nbd2 d6 7. Bb3 Ba7 8. h3 O-O 9. Nf1 Ne7 10. Ng3 Ng6 11. O-O Re8 12. Re1 Be6 13. Nh2 c6 14. Ng4 Nxg4 15. hxg4 Qh4 16. Bxe6 fxe6 17. Be3 Bxe3 18. Rxe3 Rf8 19. d4 Rf7 20. d5 cxd5 21. exd5 exd5 22. Nf5 Qg5 23. Nxd6 Rd7 24. Qxd5+ Kf8 25. Rf3+ Nf4 26. Re1 Qxg4 27. g3 Re8 28. Rxe5 Rxe5 29. Qxe5 Rxd6 30. Qxd6+ Ke8 31. Rxf4 Qd1+ 32. Qxd1 1-0

[Event "GER-ch Youth U12M 2018"]
[Site "Willingen"]
[Date "2018.05.20"]
[Round "2"]
[White "Eilenberg, Jonas"]
[Black "Weidenhoefer, Max"]
[Result "1-0"]
[ECO "D09"]
[WhiteElo "1852"]
[BlackElo "1709"]
[Annotator "NA"]
[PlyCount "51"]
[EventDate "2018.05.19"]
[EventType "swiss"]
[EventCountry "GER"]
[SourceTitle "playchess.com"]
[Source "ChessBase"]
[SourceQuality "1"]
[TimeControl "40/4500+30:900+30"]

1. d4 d5 2. c4 e5 3. dxe5 d4 4. Nf3 Nc6 5. g3 Be6 6. Nbd2 Qd7 7. Bg2 O-O-O 8. O-O Bh3 9. a3 h5 10. b4 h4 11. b5 Na5 12. e6 Bxe6 13. Ne5 Qd6 14. f4 hxg3 15. hxg3 Nf6 16. Qc2 d3 17. Nxd3 Qd4+ 18. Nf2 Nxc4 19. Nxc4 Bxc4 20. Bb2 Qd2 21. Qxc4 Qxb2 22. Rfc1 Bd6 23. Ra2 Qxc1+ 24. Qxc1 Nh5 25. Qc3 Rd7 26. Bh3 1-0

[Event "GER-ch Youth U12M 2018"]
[Site "Willingen"]
[Date "2018.05.20"]
[Round "2"]
[White "Haack, Kevin"]
[Black "Gressler, Christian"]
[Result "1-0"]
[ECO "A18"]
[WhiteElo "1846"]
[BlackElo "1290"]
[Annotator "NA"]
[PlyCount "79"]
[EventDate "2018.05.19"]
[EventType "swiss"]
[EventCountry "GER"]
[SourceTitle "playchess.com"]
[Source "ChessBase"]
[SourceQuality "1"]
[TimeControl "40/4500+30:900+30"]

1. c4 e6 2. Nc3 Nf6 3. e4 Nc6 4. Nf3 d6 5. d4 e5 6. Bg5 Be7 7. d5 Nb8 8. Qd2 Bg4 9. Be2 Bxf3 10. gxf3 Nbd7 11. Rg1 Rg8 12. f4 exf4 13. Bxf4 h6 14. Be3 Nc5 15. Bxc5 dxc5 16. e5 Nd7 17. Qe3 Bg5 18. f4 Bh4+ 19. Kd2 Qe7 20. d6 Qd8 21. Nd5 Kf8 22. Nxc7 Rc8 23. e6 Ne5 24. Kc2 Qxd6 25. fxe5 Qxc7 26. exf7 Rh8 27. Raf1 Bg5 28. Qc3 Qd7 29. e6 Qxe6 30. Bd3 Rc6 31. Qa5 a6 32. Re1 Qxf7 33. Rxg5 b6 34. Qxa6 Re6 35. Qc8+ Re8 36. Rxe8+ Qxe8 37. Rf5+ Ke7 38. Re5+ Kf7 39. Qf5+ Kg8 40. Rxe8# 1-0

[Event "GER-ch Youth U12M 2018"]
[Site "Willingen"]
[Date "2018.05.20"]
[Round "2"]
[White "Schubert, Nikita"]
[Black "Schwartz, Oliver"]
[Result "1-0"]
[ECO "B33"]
[WhiteElo "1802"]
[BlackElo "1651"]
[Annotator "NA"]
[PlyCount "143"]
[EventDate "2018.05.19"]
[EventType "swiss"]
[EventCountry "GER"]
[SourceTitle "playchess.com"]
[Source "ChessBase"]
[SourceQuality "1"]
[TimeControl "40/4500+30:900+30"]

1. e4 c5 2. Nf3 Nc6 3. d4 cxd4 4. Nxd4 Nf6 5. Nc3 e5 6. Ndb5 d6 7. Bg5 a6 8. Na3 b5 9. Nd5 Be7 10. Bxf6 Bxf6 11. c4 bxc4 12. Nxc4 Nd4 13. Bd3 O-O 14. Ncb6 Rb8 15. Nxc8 Rxc8 16. O-O a5 17. Qa4 Bg5 18. a3 Qe8 19. Qxe8 Rfxe8 20. Rfd1 Nb3 21. Rab1 Nd2 22. Ra1 Nb3 23. Rab1 Nd2 24. f4 Bxf4 25. Nxf4 Nxb1 26. Nd5 Nxa3 27. bxa3 Rb8 28. a4 Rb2 29. Bb5 Re6 30. Rc1 h6 31. Bd7 Ra2 32. h3 Ra3 33. Rc4 Rd3 34. Kf2 Rxd5 35. exd5 Rf6+ 36. Ke3 Kf8 37. Bb5 Rg6 38. Kf2 Rf6+ 39. Kg1 Rf5 40. Rc7 e4 41. Ra7 Rxd5 42. Rxa5 g5 43. Ra8+ Kg7 44. Re8 f5 45. Kf2 Kf7 46. Bc4 Kxe8 47. Bxd5 Kd7 48. Ke3 Kc7 49. Be6 f4+ 50. Kxe4 Kb6 51. Kd5 Ka5 52. Bd7 h5 53. Kxd6 h4 54. Ke5 g4 55. Bxg4 Kxa4 56. Kxf4 Kb5 57. Kg5 Kc5 58. Kxh4 Kd6 59. Kg5 Ke7 60. Kg6 Kf8 61. Be6 Ke7 62. Ba2 Kd6 63. h4 Ke5 64. h5 Kf4 65. h6 Kg3 66. h7 Kf2 67. h8=Q Kg3 68. Qh3+ Kf4 69. Qf3+ Ke5 70. Qf5+ Kd4 71. Qe6 Kc5 72. Qd7 {[%emt 0:00:05] Kd5} 1-0

[Event "GER-ch Youth U12M 2018"]
[Site "Willingen"]
[Date "2018.05.20"]
[Round "2"]
[White "Lutz, Adam"]
[Black "Bui, Bao Anh Le"]
[Result "1/2-1/2"]
[ECO "B98"]
[WhiteElo "1761"]
[BlackElo "1974"]
[Annotator "NA"]
[PlyCount "55"]
[EventDate "2018.05.19"]
[EventType "swiss"]
[EventCountry "GER"]
[SourceTitle "playchess.com"]
[Source "ChessBase"]
[SourceQuality "1"]
[TimeControl "40/4500+30:900+30"]

1. e4 c5 2. Nf3 d6 3. d4 cxd4 4. Nxd4 Nf6 5. Nc3 a6 6. Bg5 e6 7. f4 Be7 8. Qf3 Qc7 9. O-O-O h6 10. Bh4 Nbd7 11. Bd3 b5 12. Nxe6 fxe6 13. e5 Bb7 14. Bg6+ Kf8 15. Qh3 Qc4 16. exf6 Nxf6 17. Rhf1 b4 18. Bd3 Qc7 19. Bxf6 Bxf6 20. Ne4 Qe7 21. Rde1 Bd5 22. g4 Kg8 23. Kb1 a5 24. Qg2 a4 25. f5 Be5 26. Qe2 b3 27. Bc4 bxa2+ 28. Kxa2 1/2-1/2